[Event "Titled Tuesday Blitz May 25 2021"]
[White "Triapishko, Alexandr"]
[Black "Sadhwani, Raunak"]
[WhiteFideId "14122286"]
[BlackFideId "35093487"]
[WhiteElo "2490"]
[BlackElo "2514"]
[Result "0-1"]
[Round "11"]
[TimeControl "180+1"]
[Date "2021.05.25"]
[WhiteClock "0:00:03"]
[BlackClock "0:00:17"]

1. Nf3 c5 2. g3 Nc6 3. Bg2 e5 4. c4 d6 5. Nc3 g6 6. O-O Bg7 7. d3 Nge7 8. Ne1 O-O 9. Nc2 h6 10. Ne3 Be6 11. Ned5 Kh7 12. Rb1 Qd7 13. b4 cxb4 14. Nxb4 Nxb4 15. Rxb4 d5 16. Qa4 Nc6 17. Rxb7 Qxb7 18. cxd5 Bxd5 19. Bxd5 Rac8 20. h4 Rfd8 21. h5 Rxd5 22. hxg6+ fxg6 23. Nxd5 Nd4 24. e4 Ne2+ 25. Kg2 Nxc1 26. Qa3 Ne2 27. Qd6 Qf7 28. Ne7 Re8 29. Nd5 Nd4 30. f4 exf4 31. Rxf4 Qe6 32. Qc7 Rc8 33. Qe7 Rc2+ 34. Rf2 Rxf2+ 35. Kxf2 Qxe7 36. Nxe7 Be5 37. Nd5 Kg7 38. g4 h5 39. gxh5 gxh5 40. Ne3 Kf6 41. Kg2 Kg5 42. Nc4 Bf4 43. Na3 Nc6 44. Nc4 Nb4 45. d4 Nxa2 46. d5 Nc3 47. d6 Nxe4 48. d7 Bc7 49. Ne5 Kf5 50. Nc6 Ke6 51. d8=Q Bxd8 52. Nxd8+ Kd5 53. Kf3 a5 54. Nb7 a4 55. Na5 Nc5 56. Kg3 a3 0-1


[Site "https://www.chess.com"]

[Event "Titled Tuesday Blitz May 25 2021"]
[White "Tronenkovs, Valdis"]
[Black "Vetokhin, Savva"]
[WhiteFideId "11601558"]
[BlackFideId "44144474"]
[WhiteElo "2232"]
[BlackElo "2185"]
[Result "0-1"]
[Round "11"]
[TimeControl "180+1"]
[Date "2021.05.25"]
[WhiteClock "0:00:01"]
[BlackClock "0:01:30"]

1. e4 e5 2. Bc4 Nf6 3. d3 d5 4. exd5 Nxd5 5. Nf3 Nc6 6. O-O Bg4 7. h3 Bh5 8. Re1 Qd6 9. d4 O-O-O 10. g4 Bg6 11. Nxe5 f6 12. Nxc6 Qxc6 13. Bd3 Nb4 14. Bxg6 hxg6 15. Re3 Qxc2 16. Nc3 Qxd1+ 17. Nxd1 Nc2 18. Rb1 Nxe3 19. Bxe3 Rxh3 20. Nc3 Bb4 21. Rc1 Rh4 22. f3 Rdh8 0-1


[Site "https://www.chess.com"]

[Event "Titled Tuesday Blitz May 25 2021"]
[White "Tsyhanchuk_Stanislav"]
[Black "Aradhya, Garg"]
[BlackFideId "25006746"]
[WhiteElo "2484"]
[BlackElo "2146"]
[Result "0-1"]
[Round "11"]
[TimeControl "180+1"]
[Date "2021.05.25"]
[WhiteClock "0:00:03"]
[BlackClock "0:00:05"]

1. e4 e5 2. Nf3 Nc6 3. Bc4 Nf6 4. O-O Nxe4 5. d4 Nd6 6. Bb3 e4 7. Ne5 Be7 8. Nc3 O-O 9. Bf4 Bg5 10. Bg3 Kh8 11. f4 exf3 12. Qxf3 Bf6 13. Rad1 b6 14. Ne4 Nxe4 15. Qxe4 Bxe5 16. dxe5 Qe7 17. e6 fxe6 18. Bh4 Qc5+ 19. Kh1 Ba6 20. Rfe1 Na5 21. Ba4 Bb7 22. Qg4 b5 23. Rxd7 Rg8 24. Bb3 Nxb3 25. axb3 Raf8 26. h3 Qxc2 27. Re2 Qxb3 28. Kh2 Bd5 29. Rxc7 a5 30. Bg3 Qb4 31. Qxb4 axb4 32. Be5 h6 33. Rd2 Rf5 34. Bd4 b3 35. Bc3 Kh7 36. Rd4 Rg5 37. g4 Rf8 38. Kg3 Rf3+ 39. Kh2 Rf2+ 40. Kg1 Rg2+ 41. Kf1 Rg3 42. Ke1 Rxh3 43. Rf4 h5 44. Rff7 Rxg4 45. Bxg7 Kg6 46. Rf6+ Kg5 47. Rf2 Re4+ 48. Kd2 Kg4 49. Bf6 Kg3 50. Rg7+ Kxf2 51. Rf7 Rf3 52. Bh4+ Rxh4 53. Rg7 Rg4 54. Re7 h4 55. Rh7 h3 56. Rh5 Kg2 57. Rg5 Rxg5 0-1


[Site "https://www.chess.com"]

[Event "Titled Tuesday Blitz May 25 2021"]
[White "Turzo, Attila"]
[Black "Khusnutdinov, Rustam"]
[WhiteFideId "704954"]
[BlackFideId "13701703"]
[WhiteElo "2499"]
[BlackElo "2571"]
[Result "0-1"]
[Round "11"]
[TimeControl "180+1"]
[Date "2021.05.25"]
[WhiteClock "0:00:13"]
[BlackClock "0:00:57"]

1. d4 Nf6 2. Nf3 c5 3. c3 d5 4. Bf4 Nc6 5. Nbd2 cxd4 6. cxd4 Qb6 7. Nb3 Bg4 8. Ne5 Bh5 9. Nxc6 bxc6 10. Qc2 Bg6 11. Qc1 e6 12. Bd2 Ne4 13. e3 Nxd2 14. Nxd2 c5 15. dxc5 Bxc5 16. Be2 O-O 17. O-O Rfc8 18. Nb3 Be7 19. Qe1 Bf6 20. Rc1 Bxb2 21. Rxc8+ Rxc8 22. Qd1 a5 23. Bd3 a4 24. Bxg6 hxg6 25. Nd2 Rc1 26. Qe2 Rc2 27. Qd3 Qc6 28. g3 Qc3 29. Qxc3 Bxc3 30. Nb1 Bb2 31. Rd1 Kf8 32. Kf1 Ke7 33. Ke1 Kf6 34. Rd2 Rc1+ 35. Rd1 Kf5 36. Rxc1 Bxc1 37. Nc3 a3 38. h3 Bb2 39. Nd1 Bf6 40. Ke2 d4 41. Kf3 Ke5 42. e4 Bg5 43. h4 Bh6 44. Ke2 Kxe4 45. f3+ Kd5 46. Kd3 f5 47. Nf2 e5 48. Nh3 e4+ 49. fxe4+ fxe4+ 50. Ke2 d3+ 51. Kd1 Kd4 52. g4 Be3 53. Ng5 Bxg5 54. hxg5 e3 55. Kc1 Kc3 56. Kd1 Kb2 57. Ke1 Kxa2 58. Kf1 Kb2 59. Ke1 a2 60. Kf1 Kc2 61. Kg2 Kc3 62. Kf3 Kd4 63. Kf4 e2 64. Kf3 Ke5 65. Ke3 e1=Q+ 66. Kxd3 Kf4 67. Kc2 a1=Q 68. Kb3 Kxg5 69. Kc4 Kxg4 70. Kd3 Kh3 71. Kc2 g5 72. Kd3 g4 73. Kc4 g3 74. Kd3 g2 75. Kc2 g1=Q 76. Kb3 g5 77. Kc2 g4 78. Kd3 g3 79. Kc2 g2 80. Kd3 Qgf2 81. Kc4 g1=Q 82. Kd3 Qgg3+ 83. Kc4 Qff4+ 84. Kd5 Qee5+ 85. Kc6 Qff6+ 86. Kd7 Qgg7+ 87. Kc8 Qa8# 0-1


[Site "https://www.chess.com"]

[Event "Titled Tuesday Blitz May 25 2021"]
[White "Urazayev, Arystanbek"]
[Black "Herrera Reyes, Jose Antonio"]
[WhiteFideId "13709810"]
[BlackFideId "2274914"]
[WhiteElo "2737"]
[BlackElo "2580"]
[Result "1-0"]
[Round "11"]
[TimeControl "180+1"]
[Date "2021.05.25"]
[WhiteClock "0:00:15"]
[BlackClock "0:00:45"]

1. d4 Nf6 2. Nf3 c5 3. dxc5 g6 4. Nbd2 Bg7 5. g3 h5 6. Bg2 Nc6 7. a3 a5 8. Rb1 a4 9. Nc4 O-O 10. O-O Na5 11. Nb6 Ra6 12. b4 axb3 13. cxb3 d6 14. b4 Bf5 15. Rb2 Rxb6 16. cxb6 Nc4 17. Rb3 Nxb6 18. Nd4 Bd7 19. Bxb7 Bh3 20. Re1 Qc7 21. Bf3 Nfd7 22. Bb2 Ne5 23. Bh1 Nbc4 24. Ba1 Qa7 25. Nc6 Qc7 26. Nxe5 Nxe5 27. Qd2 Rb8 28. b5 Qc4 29. Qb4 Qc2 30. Qc3 Qf5 31. b6 Bf6 32. Qc7 Rc8 33. Qa7 Qc2 34. Rbb1 Nd7 35. Bxf6 exf6 36. b7 Rb8 37. Rec1 Qxe2 38. Rc8+ Kg7 39. Rxb8 Nxb8 40. Qxb8 Qc2 41. Re1 Qd2 42. Qe8 Be6 43. Rf1 Bc4 44. b8=Q 1-0


[Site "https://www.chess.com"]

[Event "Titled Tuesday Blitz May 25 2021"]
[White "Vaidya, Atulya"]
[Black "Mortazavi, Ali"]
[WhiteFideId "2047713"]
[BlackFideId "401323"]
[WhiteElo "2452"]
[BlackElo "2339"]
[Result "0-1"]
[Round "11"]
[TimeControl "180+1"]
[Date "2021.05.25"]
[WhiteClock "0:01:22"]
[BlackClock "0:01:53"]

1. d4 Nf6 2. c4 g6 3. Nc3 Bg7 4. e4 O-O 5. Nf3 d6 6. Be2 Bg4 7. Be3 Nbd7 8. Nd2 e5 9. Bxg4 Nxg4 10. Qxg4 exd4 11. Bxd4 Bxd4 12. O-O Bxc3 13. bxc3 Re8 14. Rfe1 Nc5 15. Rad1 Qf6 16. Qg3 Re7 17. f4 Rae8 18. Qf3 b6 19. Re3 Qg7 20. Rde1 f6 21. h4 a5 22. h5 g5 23. fxg5 Qxg5 24. Qf2 Kh8 25. Rg3 Qh6 26. Nf3 Nxe4 27. Rxe4 Rxe4 28. Nd4 Re1+ 29. Kh2 Qxh5+ 30. Rh3 Qe5+ 31. g3 c5 0-1


[Site "https://www.chess.com"]

[Event "Titled Tuesday Blitz May 25 2021"]
[White "Vaishali, Rameshbabu"]
[Black "Chernomordik, Pavel"]
[WhiteFideId "5091756"]
[BlackFideId "2804530"]
[WhiteElo "2313"]
[BlackElo "2299"]
[Result "1-0"]
[Round "11"]
[TimeControl "180+1"]
[Date "2021.05.25"]
[WhiteClock "0:00:11"]
[BlackClock "0:00:12"]

1. d4 g6 2. e4 Bg7 3. Nc3 d6 4. Be3 a6 5. g4 b5 6. h4 h6 7. Bg2 Bb7 8. h5 g5 9. Nh3 Nd7 10. f4 gxf4 11. Nxf4 b4 12. Ncd5 a5 13. Qf3 e6 14. O-O-O exd5 15. exd5 Ngf6 16. Rde1 Kf8 17. Qg3 Nb6 18. Rhf1 Qd7 19. g5 hxg5 20. Qxg5 Rg8 21. Ng6+ Ke8 22. Rxf6 Bxf6 23. Qxf6 Bxd5 24. Bxd5 Rxg6 25. Bg5+ Kf8 26. Qh8+ Rg8 27. Bh6# 1-0


[Site "https://www.chess.com"]

[Event "Titled Tuesday Blitz May 25 2021"]
[White "Villegas, Pierre"]
[Black "Dobre, Claudiu-Cristian"]
[WhiteFideId "654183"]
[BlackFideId "1211854"]
[WhiteElo "2411"]
[BlackElo "2230"]
[Result "1-0"]
[Round "11"]
[TimeControl "180+1"]
[Date "2021.05.25"]
[WhiteClock "0:00:12"]
[BlackClock "0:00:01"]

1. d4 d5 2. c4 c6 3. Nf3 Nf6 4. Qc2 g6 5. Bf4 Bg7 6. e3 Bf5 7. Qb3 Qb6 8. Nc3 Nbd7 9. c5 Qxb3 10. axb3 a6 11. b4 Rc8 12. h3 Ne4 13. Be2 O-O 14. g4 Nxc3 15. bxc3 Be4 16. O-O Bxf3 17. Bxf3 e5 18. Bg3 f5 19. gxf5 gxf5 20. dxe5 Bxe5 21. Bxe5 Nxe5 22. Be2 f4 23. exf4 Rxf4 24. Rad1 Rcf8 25. Kg2 R8f7 26. Rd4 Ng6 27. Bg4 Rxd4 28. cxd4 Rf4 29. Rd1 Kf7 30. Bc8 Ne7 31. Bxb7 Nf5 32. Bxc6 Rxd4 33. Bxd5+ Kf6 34. Rxd4 Nxd4 35. Bb7 Ke5 36. Bxa6 Kd5 37. Bd3 h6 38. f3 Ne6 39. Kg3 Kd4 40. Bf5 Nc7 41. Kg4 Kc4 42. Kh5 Kxb4 43. c6 Kc5 44. Be4 Kd6 45. Kxh6 Ke5 46. Kg5 Ne6+ 47. Kg4 Kd6 48. h4 Nd8 49. h5 Nf7 50. Kf5 Ke7 51. f4 Nd6+ 52. Ke5 Nc4+ 53. Kd4 Nd6 54. h6 Nf7 55. h7 Kd6 56. Ke3 Kc7 57. Kf3 Kd6 58. Kg4 Ke6 59. Kh5 Kf6 60. c7 1-0


[Site "https://www.chess.com"]

[Event "Titled Tuesday Blitz May 25 2021"]
[White "Visakh N R"]
[Black "Dang, Hoang Son"]
[WhiteFideId "25012223"]
[BlackFideId "12402435"]
[WhiteElo "2428"]
[BlackElo "2248"]
[Result "1-0"]
[Round "11"]
[TimeControl "180+1"]
[Date "2021.05.25"]
[WhiteClock "0:00:46"]
[BlackClock "0:01:11"]

1. e4 g6 2. d4 Bg7 3. Nc3 a6 4. a4 d6 5. g3 Nf6 6. Bg2 O-O 7. Nge2 Nc6 8. O-O e5 9. d5 Ne7 10. a5 c6 11. dxc6 bxc6 12. Na4 Be6 13. Nb6 Ra7 14. Qd3 Qc7 15. c4 c5 16. Nc3 Nc6 17. f4 exf4 18. Bxf4 Ne5 19. Bxe5 dxe5 20. Rad1 Nd7 21. Ncd5 Qd8 22. Qe3 Nxb6 23. axb6 Rd7 24. Qxc5 Kh8 25. b4 Rb7 26. Nc7 Qb8 27. Nxa6 Qa8 28. Nc7 Qa2 29. Nxe6 1-0


[Site "https://www.chess.com"]

[Event "Titled Tuesday Blitz May 25 2021"]
[White "Vogel, Roven"]
[Black "zmeeed67"]
[WhiteFideId "12908088"]
[WhiteElo "2516"]
[BlackElo "2616"]
[Result "1-0"]
[Round "11"]
[TimeControl "180+1"]
[Date "2021.05.25"]
[WhiteClock "0:00:40"]
[BlackClock "0:00:01"]

1. d4 d5 2. Nf3 Nf6 3. Bf4 c5 4. e3 Nc6 5. c3 Qb6 6. Qc2 Bg4 7. Nbd2 Rc8 8. Bd3 cxd4 9. exd4 Nb4 10. Qa4+ Nc6 11. O-O Bd7 12. Qb3 e6 13. Ne5 Nxe5 14. dxe5 Ng8 15. Be3 Bc5 16. Bxc5 Rxc5 17. Qxb6 axb6 18. Nb3 Rc8 19. Nd4 Ne7 20. f4 O-O 21. a4 Ra8 22. Bb5 Bc6 23. Kf2 Rfc8 24. Ke3 Kf8 25. g4 g6 26. h4 Ra5 27. h5 Rca8 28. b3 Rc8 29. Rh1 Kg7 30. Kd3 Raa8 31. Ra2 Bxb5+ 32. Nxb5 f6 33. Nd4 fxe5 34. fxe5 Nc6 35. Nxe6+ Kg8 36. Re2 Rab8 37. hxg6 hxg6 38. Nf4 g5 39. Nxd5 Rd8 40. c4 Nb4+ 41. Ke4 Rbc8 1-0


[Site "https://www.chess.com"]

[Event "Titled Tuesday Blitz May 25 2021"]
[White "Vovk, Orest"]
[Black "Polok, Kacper"]
[WhiteFideId "14113490"]
[BlackFideId "1137158"]
[WhiteElo "2203"]
[BlackElo "2196"]
[Result "1-0"]
[Round "11"]
[TimeControl "180+1"]
[Date "2021.05.25"]
[WhiteClock "0:00:04"]
[BlackClock "0:00:23"]

1. h3 b6 2. Nf3 Bb7 3. g3 f5 4. Bg2 Nf6 5. d3 g6 6. Nc3 Bg7 7. Bf4 d6 8. Qd2 Nbd7 9. O-O-O a5 10. g4 e6 11. Nh4 Bxg2 12. Nxg2 a4 13. a3 Qc8 14. Bh6 Bxh6 15. Qxh6 Qb7 16. Nf4 O-O-O 17. Nxe6 Rde8 18. gxf5 gxf5 19. Ng7 Re5 20. f4 Rc5 21. d4 Rc4 22. Nxf5 Ne4 23. Ne7+ Kb8 24. Ned5 Re8 25. Qxh7 Ndf6 26. Nxf6 Nxf6 27. Qf7 Qc6 28. Qxf6 Rxc3 29. bxc3 Qxc3 30. Kb1 Rxe2 31. Qg6 Qxa3 32. Qd3 Qb4+ 33. Ka2 Rf2 34. Rb1 Qa5 35. Rb5 Qa8 36. Rhb1 Qg2 37. R1b2 Rf3 38. Qc4 Qg3 39. Rxb6+ Kc8 40. Rb8+ Kd7 41. Qxa4+ Ke6 42. Re8+ Kf5 43. Qb5+ Kxf4 44. Rf8+ Ke3 45. Rxf3+ Qxf3 46. Qb3+ 1-0


[Site "https://www.chess.com"]

[Event "Titled Tuesday Blitz May 25 2021"]
[White "Weetik, Vjacheslav"]
[Black "Taboas Rodriguez, Daniel"]
[WhiteFideId "4153472"]
[BlackFideId "2208466"]
[WhiteElo "2469"]
[BlackElo "2429"]
[Result "1/2-1/2"]
[Round "11"]
[TimeControl "180+1"]
[Date "2021.05.25"]
[WhiteClock "0:00:07"]
[BlackClock "0:00:20"]

1. e4 e6 2. d4 d5 3. Nc3 Nc6 4. Nf3 Nf6 5. Bg5 Be7 6. e5 Ne4 7. Bxe7 Qxe7 8. Bd3 Qb4 9. O-O Nxc3 10. bxc3 Qxc3 11. Rb1 Qa3 12. Ng5 Qe7 13. Qg4 h6 14. Nf3 O-O 15. Rfe1 f5 16. exf6 Rxf6 17. Qg3 Qd6 18. Ne5 Nxd4 19. Ng4 Qxg3 20. Nxf6+ gxf6 21. hxg3 c5 22. c4 Kf7 23. f3 Nc6 24. cxd5 exd5 25. Kf2 b6 26. Rh1 Kg7 27. Rh5 Be6 28. Rbh1 Rh8 29. a3 c4 30. Bc2 b5 31. g4 a5 32. Rb1 b4 33. Ba4 Ne5 34. axb4 axb4 35. Kg3 b3 36. Bxb3 cxb3 37. Rxb3 d4 38. Rb7+ Bf7 39. Rh1 Rd8 40. Rd1 d3 41. Rb4 Nc4 42. Kf2 d2 43. Ke2 Kg6 44. Rb5 Be8 45. Rc5 Rd4 46. Rxc4 Rxc4 47. Rxd2 Bb5 48. Kf2 Ba4 49. Rd6 Rc2+ 50. Kg3 Bb5 51. Rd1 Be2 52. Re1 Kf7 53. Ra1 Bb5 54. Rh1 Kg7 55. Rb1 Be8 56. Rb7+ Bf7 57. Rb1 Kf8 58. Ra1 Bc4 59. Rh1 Kg7 60. Ra1 Ra2 61. Rc1 Be2 62. Rc7+ Kg6 63. Rc1 Rd2 64. Re1 Kg5 65. Rc1 Rd1 66. Rc5+ Kg6 67. Kf2 Ba6 68. Rc2 Rf1+ 69. Kg3 Bd3 70. Rd2 Bc4 71. Rc2 Bf7 72. Rd2 Rh1 73. Rb2 h5 74. gxh5+ Rxh5 75. Rd2 Rg5+ 76. Kf2 Ra5 77. g4 Bd5 78. Rd3 Kf7 79. Kg3 Ke6 80. Rc3 Rb5 81. Re3+ Kd6 82. Kf4 Be6 83. Rd3+ Rd5 84. Rxd5+ Kxd5 85. g5 f5 86. g6 Kd6 87. g7 Ke7 88. g8=Q Bxg8 89. Kxf5 Bd5 90. Ke5 Bxf3 1/2-1/2


[Site "https://www.chess.com"]

[Event "Titled Tuesday Blitz May 25 2021"]
[White "Zhigalko, Sergei"]
[Black "Shapkin, Anatoliy"]
[WhiteFideId "13502956"]
[BlackFideId "34108332"]
[WhiteElo "2662"]
[BlackElo "2223"]
[Result "1-0"]
[Round "11"]
[TimeControl "180+1"]
[Date "2021.05.25"]
[WhiteClock "0:00:07"]
[BlackClock "0:00:17"]

1. e4 e5 2. Nf3 Nc6 3. Bc4 Bc5 4. b4 Bb6 5. a4 a6 6. Nc3 Nf6 7. Nd5 Nxd5 8. exd5 Nd4 9. a5 Ba7 10. d6 O-O 11. O-O c6 12. Nxe5 Qf6 13. Nxf7 Rxf7 14. Bxf7+ Qxf7 15. Bb2 Qd5 16. Re1 Qxd6 17. Re8+ Kf7 18. Rh8 h6 19. Qh5+ Kf6 20. Re1 b5 21. g4 Bb7 22. Qf5# 1-0


[Site "https://www.chess.com"]

[Event "Titled Tuesday Blitz May 25 2021"]
[White "elcandado"]
[Black "kleopl"]
[WhiteElo "2627"]
[BlackElo "2477"]
[Result "1-0"]
[Round "11"]
[TimeControl "180+1"]
[Date "2021.05.25"]
[WhiteClock "0:00:08"]
[BlackClock "0:00:08"]

1. d4 f5 2. Bf4 g6 3. e3 Bg7 4. h4 Nf6 5. h5 Nxh5 6. Rxh5 gxh5 7. Qxh5+ Kf8 8. Qxf5+ Kg8 9. Nc3 e6 10. Qh5 a6 11. Nf3 d6 12. O-O-O Nc6 13. Ng5 Qf6 14. Bd3 h6 15. Nf3 Bd7 16. Ne4 Qf7 17. Qh2 e5 18. dxe5 Qxa2 19. Nf6+ Bxf6 20. exf6 Qf7 21. Bc4 Qxc4 22. Qg3+ Kf7 23. Qg7+ Ke6 24. Nd4+ Nxd4 25. Rxd4 Qf1+ 26. Rd1 Qb5 27. Qe7+ Kf5 28. g4+ Kxg4 29. Qe4 Bc6 30. Rg1+ Kh4 31. Bg5+ Kh5 32. Qg4+ Kg6 33. Bf4+ Kxf6 34. Qg7+ Ke6 35. Rg6+ Kd5 36. Qd4# 1-0


[Site "https://www.chess.com"]

[Event "Titled Tuesday Blitz May 25 2021"]
[White "elohunter1999"]
[Black "Kosteniuk, Alexandra"]
[BlackFideId "4128125"]
[WhiteElo "2554"]
[BlackElo "2521"]
[Result "0-1"]
[Round "11"]
[TimeControl "180+1"]
[Date "2021.05.25"]
[WhiteClock "0:00:04"]
[BlackClock "0:01:03"]

1. d4 Nf6 2. c4 e6 3. Nc3 Bb4 4. Qc2 d5 5. a3 Bxc3+ 6. Qxc3 O-O 7. Bg5 h6 8. Bh4 g5 9. Bg3 Ne4 10. Qc2 c5 11. dxc5 Nc6 12. Nf3 Qa5+ 13. Kd1 Qxc5 14. e3 Rd8 15. b4 dxc4+ 16. Kc1 Qf5 17. Bxc4 b5 18. Bd3 Rxd3 19. Qxd3 Nxg3 20. Qd6 Nxh1 21. Qxc6 Qd5 22. Qxd5 exd5 23. Ra2 Bf5 24. Nd4 Rc8+ 25. Kd2 Bg6 26. Ke2 Rc1 27. Nxb5 a6 28. Nd4 Rg1 29. g3 Bh5+ 30. Kd3 Rf1 31. f3 Bg6+ 32. Kc3 Nf2 33. a4 Nd1+ 34. Kd2 Rf2+ 35. Ne2 Rxe2+ 36. Kxe2 Nc3+ 37. Kd2 Nxa2 38. b5 axb5 39. axb5 Bf5 40. b6 Bc8 0-1


[Site "https://www.chess.com"]

[Event "Titled Tuesday Blitz May 25 2021"]
[White "korbul"]
[Black "Hamley, Ryan"]
[BlackFideId "30959497"]
[WhiteElo "2561"]
[BlackElo "2419"]
[Result "1-0"]
[Round "11"]
[TimeControl "180+1"]
[Date "2021.05.25"]
[WhiteClock "0:01:35"]
[BlackClock "0:00:20"]

1. d4 Nf6 2. c4 e6 3. Nf3 d5 4. Nc3 Bb4 5. e3 O-O 6. Bd3 b6 7. cxd5 Nxd5 8. Bd2 c5 9. a3 Ba5 10. Qc2 h6 11. O-O Bb7 12. Nxd5 Bxd2 13. Nf4 Bxf3 14. gxf3 Ba5 15. Be4 Nd7 16. Bxa8 Qxa8 17. Qe4 Qd8 18. Nd3 cxd4 19. Qxd4 b5 20. Rad1 Bb6 21. Qf4 Nf6 22. Ne5 Nd5 23. Qg4 Qf6 24. f4 Rc8 25. Rxd5 h5 26. Qh3 1-0